 Dungeon Crawl Stone Soup version 0.27.1-1-g398f81649c (webtiles) character file.

Game seed: 5294821734457764750

7235 zdrol the Carver (level 10, 0/86 HPs)
             Began as a Minotaur Fighter on Sept 8, 2021.
             Slain by a seven-headed hydra (9 damage)
             ... on level 1 of the Lair of Beasts.
             The game lasted 00:35:45 (10675 turns).

zdrol the Carver (Minotaur Fighter)                Turns: 10675, Time: 00:35:46

Health: 0/86       AC: 15    Str: 22    XL:     10   Next: 88%
Magic:  9/9        EV:  6    Int:  5    God:
Gold:   465        SH: 17    Dex: 12    Spells: 9/9 levels left

rFire    + . .     SeeInvis .   D - +0 scimitar (vamp)
rCold    x . .     Faith    .   c - +1 kite shield
rNeg     . . .     Spirit   .   k - +0 plate armour
rPois    .         Reflect  +   (helmet restricted)
rElec    .         Harm     .   (no cloak)
rCorr    .         Rampage  .   A - +0 pair of gloves
Will     .....                  (no boots)
Stlth    ..........             f - amulet of reflection
HPRegen  0.24/turn              h - ring of fire
MPRegen  0.11/turn              j - +4 ring of slaying

@: mighty
A: horns 2, retaliatory headbutt
a: no special abilities


You were on level 1 of the Lair of Beasts.
You visited 2 branches of the dungeon, and saw 10 of its levels.

You collected 465 gold pieces.

Inventory:

Hand Weapons
 a - a +1 long sword
 D - a +0 vampiric scimitar (weapon)
Missiles
 e - 22 boomerangs (quivered)
 n - a throwing net
 p - 17 poisoned darts
Armour
 c - a +1 kite shield (worn)
 k - a +0 plate armour (worn)
 A - a +0 pair of gloves (worn)
Jewellery
 f - an amulet of reflection (around neck)
 h - a ring of fire (left hand)
 j - a +4 ring of slaying (right hand)
Wands
 y - a wand of flame (20)
Scrolls
 b - 3 scrolls of teleportation
 m - a scroll of fear
 q - 2 scrolls of enchant armour
 r - a scroll of fog
 w - 2 scrolls of magic mapping
 x - a scroll of enchant weapon
 z - 2 scrolls of amnesia
 B - a scroll of summoning {unknown}
Potions
 d - a potion of might
 g - 2 potions of mutation
 i - 4 potions of curing
 l - a potion of resistance
 o - a potion of haste {unknown}
 s - a potion of cancellation {unknown}
 v - a potion of heal wounds {unknown}
 C - 2 potions of flight {unknown}
 E - 2 potions of berserk rage {unknown}
 F - a potion of invisibility {unknown}


   Skills:
 - Level 7.3 Fighting
 * Level 13.6 Long Blades
 - Level 2.2 Throwing
 - Level 9.6 Armour
 - Level 1.9 Dodging
 - Level 0.7 Stealth
 - Level 9.1 Shields


You had 9 spell levels left.
You didn't know any spells.
Your spell library contained the following spells:

 Spells                   Type           Power      Damage    Failure   Level
 Magic Dart               Conj           0%         1d3       100%        1
 Call Imp                 Summ           0%         N/A       100%        2
 Mephitic Cloud           Conj/Pois/Air  0%         N/A       100%        3
 Hailstorm                Conj/Ice       0%         3d3       100%        4
 Ice Form                 Ice/Tmut       0%         N/A       100%        4
 Simulacrum               Ice/Necr       0%         N/A       100%        6
 Malign Gateway           Summ/Tloc      0%         N/A       100%        7
 Summon Horrible Things   Summ           0%         N/A       100%        8


Dungeon Overview and Level Annotations

Branches:
Dungeon (9/15)             Temple (0/1) D:6            Lair (1/6) D:9
    Orc: D:9-12

Altars:
Elyvilon
Gozag
Nemelex Xobeh
Trog
Vehumet
Yredelemnul
Zin
Beogh

Shops:
D:4 (   D:9 :

Annotations:
D:7 3 runed translucent doors, Ganima's ghost, novice MiAE; nxtlvl's ghost, novice DrBe; suicidejoker's ghost, novice DsBr


Innate Abilities, Weirdness & Mutations

You have a pair of horns on your head.
You reflexively headbutt those who attack you in melee.


Message History

You feel very mighty all of a sudden.
You feel a little less clever now.
You block the four-headed hydra's attack. x2
The four-headed hydra bites you but does no damage.
You block the four-headed hydra's attack.
The four-headed hydra bites you!
* * * LOW HITPOINT WARNING * * *
The four-headed hydra bites you but does no damage.
You block the four-headed hydra's attack.
The four-headed hydra closely misses you.
You chop one of the four-headed hydra's heads off!
The three-headed hydra grows two more!
You slice the five-headed hydra!! You headbutt the five-headed hydra!
The five-headed hydra is heavily wounded.
You hack one of the five-headed hydra's heads off!
The four-headed hydra grows two more!
You slice the six-headed hydra!!
You feel better.
The six-headed hydra is severely wounded.
The six-headed hydra bites you.
* * * LOW HITPOINT WARNING * * *
You block the six-headed hydra's attack.
The six-headed hydra bites you.
* * * LOW HITPOINT WARNING * * *
The six-headed hydra bites you!
* * * LOW HITPOINT WARNING * * *
You block the six-headed hydra's attack.
The six-headed hydra bites you but does no damage.
You lop one of the six-headed hydra's heads off!
The five-headed hydra grows two more!
You slash the seven-headed hydra!
You feel better.
The seven-headed hydra is severely wounded.
The seven-headed hydra bites you.
* * * LOW HITPOINT WARNING * * *
You block the seven-headed hydra's attack.
The seven-headed hydra bites you but does no damage.
The seven-headed hydra bites you.
* * * LOW HITPOINT WARNING * * *
The seven-headed hydra barely misses you.
The seven-headed hydra bites you!
You die...

= ...##.. .....#...#
#......#.### .
##......#...#### ..
#..............#
.P.##....(#........#
...............#D..#
.#.....#........@.#.#
.......<......#...###
.##.........?##..^#
........#.....#####
.....####.....# ...F.
#.#..## .... ....#.#
.## .D...#..#
......#...


You could see a seven-headed hydra.

Vanquished Creatures
  A two-headed ogre (D:7)
  Pikel (D:6)
  A black mamba (Lair:1)
  A cane toad (Lair:1)
  2 trolls
  4 wyverns (D:9)
  8 yaks (D:9)
  2 steam dragons
  A vampire mosquito (D:7)
  An acid dragon (D:8)
  5 water moccasins
  4 orc warriors (D:9)
  2 ice beasts
  4 ogres
  3 centaurs
  A phantom (D:5)
  A kobold brigand (D:9)
  A wyvern zombie (D:7)
  4 scorpions
  A water moccasin skeleton (D:6)
  A howler monkey (D:9)
  A lava snake (D:7)
  A bullfrog zombie (D:5)
  3 hounds
  A human zombie (D:3)
  3 orc priests
  2 bullfrog skeletons
  4 iguanas
  3 orc wizards (D:9)
  2 gnolls (D:8)
  3 adders
  2 shadow imps
  An ufetubus (D:4)
  2 worms
  3 dart slugs
  40 orcs
  7 bats
  3 endoplasms
  7 giant cockroaches
  7 hobgoblins
  4 jackals (D:2)
  3 quokkas
  2 ball pythons
  A frilled lizard (D:3)
  12 goblins
  A goblin skeleton (D:3)
  14 kobolds
  4 rats
185 creatures vanquished.

Vanquished Creatures (others)
  An orc (D:9)
  A kobold (D:9)
  4 bushes (D:9)
  7 fungi
  25 plants (D:9)
38 creatures vanquished.

Grand Total: 223 creatures vanquished

Notes
Turn   | Place    | Note
-------+----------+-------------------------------------------
     0 | D:1      | zdrol the Minotaur Fighter began the quest for the Orb.
     0 | D:1      | Reached XP level 1. HP: 19/19 MP: 0/0
   359 | D:1      | Reached XP level 2. HP: 27/27 MP: 1/1
   393 | D:1      | Found a faded altar of an unknown god.
  1168 | D:2      | Reached XP level 3. HP: 14/33 MP: 2/2
  1410 | D:2      | Reached skill level 3 in Long Blades
  1413 | D:2      | Reached skill level 1 in Dodging
  1510 | D:2      | Found a basalt altar of Yredelemnul.
  1626 | D:2      | Reached XP level 4. HP: 35/40 MP: 3/3
  2011 | D:3      | You fall into a shaft and drop 1 floor!
  2088 | D:4      | Found Akhean's Antique Weapon Shoppe.
  2508 | D:4      | Reached skill level 4 in Long Blades
  2508 | D:4      | Reached XP level 5. HP: 36/47 MP: 4/4
  2877 | D:3      | Found a runed translucent door.
  2877 | D:3      | Noticed a human
  2890 | D:3      | Found a basalt altar of Yredelemnul.
  3365 | D:3      | Reached skill level 1 in Throwing
  3452 | D:4      | Noticed an ogre
  3460 | D:4      | Killed an ogre
  3461 | D:4      | Reached skill level 5 in Armour
  3461 | D:4      | Reached XP level 6. HP: 14/53 MP: 5/5
  3821 | D:4      | Reached skill level 5 in Fighting
  3821 | D:4      | Reached skill level 5 in Long Blades
  4000 | D:4      | Found a radiant altar of Vehumet.
  4000 | D:4      | Found a white marble altar of Elyvilon.
  4239 | D:5      | Entered Level 5 of the Dungeon
  4349 | D:5      | Reached XP level 7. HP: 61/61 MP: 6/6
  4724 | D:5      | Reached skill level 6 in Long Blades
  4972 | D:5      | Reached skill level 5 in Shields
  5682 | D:6      | Noticed a troll
  5692 | D:6      | Killed a troll
  5693 | D:6      | Reached skill level 7 in Long Blades
  5693 | D:6      | Reached XP level 8. HP: 21/70 MP: 7/7
  5994 | D:6      | Noticed Pikel
  6031 | D:6      | Killed Pikel
  6289 | D:6      | Reached skill level 8 in Long Blades
  6329 | D:6      | Found a staircase to the Ecumenical Temple.
  6640 | D:7      | Found a runed translucent gate.
  6640 | D:7      | Found a runed translucent gate.
  6640 | D:7      | Found a runed translucent gate.
  6643 | D:7      | Noticed Ganima's ghost (novice MiAE)
  6643 | D:7      | Noticed nxtlvl's ghost (novice DrBe)
  6643 | D:7      | Noticed suicidejoker's ghost (novice DsBr)
  6725 | D:7      | Found a glowing silver altar of Zin.
  6793 | D:7      | Reached XP level 9. HP: 60/77 MP: 8/8
  7229 | D:7      | Found a sparkling altar of Nemelex Xobeh.
  7448 | D:7      | Noticed a two-headed ogre
  7470 | D:7      | Killed a two-headed ogre
  7471 | D:7      | Reached skill level 9 in Long Blades
  7734 | D:7      | Identified the +1 pair of gloves of Sodokk {rF- Regen+
                  | Int+9 Dex-2}
  9363 | D:9      | Reached skill level 10 in Long Blades
  9363 | D:9      | Reached XP level 10. HP: 60/86 MP: 9/9
  9489 | D:9      | Reached skill level 11 in Long Blades
  9514 | D:9      | Reached skill level 12 in Long Blades
  9534 | D:9      | Found a staircase to the Lair.
  9778 | D:9      | Found Afuquf's Book Shop.
 10104 | D:9      | Found a bloodstained altar of Trog.
 10105 | D:9      | Found an opulent altar of Gozag.
 10333 | D:9      | Reached skill level 13 in Long Blades
 10590 | Lair:1   | Entered Level 1 of the Lair of Beasts
 10590 | Lair:1   | Noticed a cane toad
 10593 | Lair:1   | Noticed a black mamba
 10605 | Lair:1   | Killed a black mamba
 10615 | Lair:1   | Killed a cane toad
 10658 | Lair:1   | Noticed a four-headed hydra
 10675 | Lair:1   | Slain by a seven-headed hydra

Illustrated notes

Levels and vault maps discovered:
D:1:      wander_arrival_lonely_grave, layout_basic,
          dreamdust_ecumenical_altar_hidden_monk_grotto
D:2:      layout_rooms, basic_altar
D:3:      layout_loops_ring, dk_yredelemnul_ordeal,
          wander_ebering_terrifying_dragon_lair
D:4:      layout_loops_corners, gammafunk_temple_overflow_statue, serial_shops,
          nicolae_take_the_stairs, st_stairs_9, grunt_ministairs_4
D:5:      layout_loops_ring, minivault_27, minmay_misc_feat_plants
D:6:      layout_basic, minmay_temple_entry_poolview, skrybe_limestone_x,
          uniq_pikel
D:7:      kennysheep_big_flooded_room, layout_loops_ring, zin_treasury,
          nemelex_dance_club_becter, gammafunk_ghost_cemetery,
          kennysheep_pointless_box
D:8:      layout_gridville, enter_bailey_7, minmay_crossroads
D:9:      layout_loops_ring, minitemple, minmay_lair_entry_grove, serial_shops,
          shop, special_room [special_room_orc]
Lair:1:   layout_misc_corridors

Skill      XL: |  1  2  3  4  5  6  7  8  9 10 |
---------------+-------------------------------+-----
Fighting       | 4 5 6 7 |  7.3
Armour         | 4 5 6 7 8 9 |  9.6
Long Blades    | 3 4 5 7 8 10 13 | 13.6
Dodging        | 1 |  1.9
Shields        | 4 5 7 8 9 |  9.1
Throwing       | 1 2 |  2.2
Stealth        | |  0.7

Action                   |  1- 3 |  4- 6 |  7- 9 | 10-12 || total
-------------------------+-------+-------+-------+-------++-------
Melee: Long sword        |    76 |    91 |   153 |     9 ||   329
       Headbutt          |    11 |    18 |    42 |    40 ||   111
       Scimitar          |       |       |       |   162 ||   162
Throw: Boomerang         |    10 |     4 |    16 |    11 ||    41
  Use: Scroll            |     6 |     5 |     3 |       ||    14
       Potion            |       |       |       |     3 ||     3
Armor: Scale mail        |    20 |       |       |       ||    20
       Plate armour      |    13 |    34 |    67 |    52 ||   166
       Skin              |       |       |       |     1 ||     1
Dodge: Dodged            |    25 |     3 |    24 |    21 ||    73
Block: Kite shield       |    52 |    58 |   163 |   139 ||   412
       Reflection        |     3 |     1 |    12 |    12 ||    28
       Rpst.: Long sword |     6 |     1 |     8 |       ||    15
       Scimitar          |       |       |       |     5 ||     5
